 Dungeon Crawl Stone Soup version 0.24.0-37-gcf1ca852f1 (webtiles) character file.

Game seed: 9627394309976687472, levelgen mode: deterministic

53 grindst0ne the Grasshopper (level 3, -1/33 HPs)
             Began as a Naga Warper on Nov 28, 2019.
             Slain by an adder (4 damage)
             ... on level 2 of the Dungeon.
             The game lasted 00:04:59 (2342 turns).

grindst0ne the Grasshopper (Naga Warper)            Turns: 2342, Time: 00:05:00

Health: -1/33      AC:  3    Str: 13    XL:     3   Next: 87%
Magic:  7/7        EV:  8    Int: 14    God:
Gold:   121        SH:  0    Dex: 10    Spells: 3/7 levels left

rFire    . . .     SeeInvis +   a - +0 hand axe
rCold    . . .     Gourm    .   (no shield)
rNeg     . . .     Faith    .   i - +0 ring mail
rPois    +         Spirit   .   (no helmet)
rElec    .         Reflect  .   (no cloak)
rCorr    .         Harm     .   (no gloves)
MR       .....                  (no barding)
Stlth    ..........             (no amulet)
HPRegen  0.11/turn              (no ring)
MPRegen  0.10/turn              (no ring)

@: lethally poisoned (-1 -> -3), short of breath, very slow
A: large, stinger 1, see invisible, deformed body, poison resistance, slowness
2, slow metabolism 1, spit poison 1, no potion heal 1, AC +1
a: Spit Poison


You were on level 2 of the Dungeon.
You were very hungry.

You visited 1 branch of the dungeon, and saw 2 of its levels.

You collected 121 gold pieces.

Inventory:

Hand Weapons
 a - a +0 hand axe (weapon)
Armour
 b - a +0 leather armour
 i - a +0 ring mail (worn)
Jewellery
 l - a +3 ring of protection
Scrolls
 c - 2 scrolls of remove curse {unknown}
 d - a scroll of blinking
 e - a scroll of immolation {unknown}
 h - 2 scrolls of teleportation {unknown}
 k - 2 scrolls of identify {unknown}
Comestibles
 f - 4 rations


   Skills:
 + Level 2.8 Fighting
 + Level 2.8 Axes
 - Level 0.8 Throwing
 - Level 0.7 Armour
 - Level 1.5 Dodging
 + Level 2.6 Spellcasting
 - Level 3.0 Translocations


You had 3 spell levels left.
You knew the following spells:

 Your Spells              Type           Power        Failure   Level  Hunger
a - Blink                 Tloc           N/A          21%         2    ###....
b - Shroud of Golubria    Chrm/Tloc      #.....       36%         2    ###....

Your spell library contained the following spells:

 Spells                   Type           Power        Failure   Level  Hunger
 Gell's Gravitas          Tloc           ##........   38%         3    ###....
 Lesser Beckoning         Tloc           ##........   38%         3    ###....
 Teleport Other           Tloc           ##......     38%         3    ###....
 Passage of Golubria      Tloc           N/A          80%         4    #####..


Dungeon Overview and Level Annotations

Branches:
Dungeon (2/15)

Altars:

Annotations:
D:1 exclusion: downstairs


Innate Abilities, Weirdness & Mutations

You cannot wear boots.
Your serpentine skin is tough. (AC +1)
You have supernaturally acute eyesight. (SInv)
Armour fits poorly on your strangely shaped body.
Your system is resistant to poisons. (rPois)
You cover ground very slowly.
You have a slow metabolism.
You can spit poison.
Your tail ends in a poisonous barb.
Potions are less effective at restoring your health.


Message History

You feel sick. The adder bites you.
* * * LOW HITPOINT WARNING * * *
The adder closely misses you.
It was a potion of mutation.
You feel extremely strange.
Your system partially rejects the healing effects of potions.
A poisonous barb forms on the end of your tail.
The adder bites you but does no damage.
You miss the adder.
The adder is heavily wounded.
The adder closely misses you.
You are feeling very hungry.
You hit the adder.
The adder is heavily wounded.
You feel sick. The adder barely misses you. The adder bites you.
* * * LOW HITPOINT WARNING * * *
Press: ? - help, Shift-Dir - straight line, f - adder
Aim: an adder (heavily wounded)
The splash of poison misses the adder.
You feel slightly more hungry. The adder bites you.
You die...

. #..
#..#####
#..S@.####
#####....##
###...#
###>..#
####.....#
#....#####
#....#
#....#
#....#
###########


You could see an adder.

Vanquished Creatures
  An adder (D:2)
  A worm (D:1)
  2 leopard geckos (D:1)
  6 hobgoblins
  3 jackals (D:1)
  6 bats
  3 frilled lizards (D:1)
  2 goblins (D:1)
  10 kobolds
  9 rats
43 creatures vanquished.

Notes
Turn   | Place    | Note
-------+----------+-------------------------------------------
     0 | D:1      | grindst0ne the Naga Warper began the quest for the Orb.
     0 | D:1      | Reached XP level 1. HP: 19/19 MP: 3/3
    88 | D:1      | Reached XP level 2. HP: 5/26 MP: 5/5
   357 | D:1      | Learned a level 2 spell: Blink
  1350 | D:1      | Reached XP level 3. HP: 31/33 MP: 6/6
  2275 | D:2      | Learned a level 2 spell: Shroud of Golubria
  2339 | D:2      | Gained mutation: Potions are less effective at restoring
                  | your health. [potion of mutation]
  2339 | D:2      | Gained mutation: Your tail ends in a poisonous barb.
                  | [potion of mutation]
  2342 | D:2      | Slain by an adder

Levels and vault maps discovered:
D:1:      evilmike_arrival_run_for_it, layout_basic, st_stairs_8,
          minmay_tromino_i4
D:2:      layout_rooms, elyvilon_altar_5

Action                   || total
-------------------------++-------
Melee: Hand axe          ||   177
Throw: Boomerang         ||     5
 Abil: Spit Poison       ||     1
  Use: Potion            ||     2
  Eat: Chunk             ||     2
Armor: Leather armour    ||    37
       Ring mail         ||    41
Dodge: Dodged            ||   116
